 Dungeon Sprint DCSS version 0.29-a0-1033-gb6c65ffae6 (webtiles) character file.

Game seed: 12661578378574854286

5 lesbiats the Chiller (level 1, -10/17 HPs)
             Began as a Draconian Ice Elementalist on Aug 14, 2022.
             Mangled by a black bear (12 damage)
             ... in the Dungeon (Sprint IX: "|||||||||||||||||||||||||||||").
             The game lasted 00:01:48 (64 turns).

lesbiats the Chiller (Draconian Ice Elementalist)     Turns: 64, Time: 00:01:49

Health: -10/17     AC:  4    Str: 10    XL:     1   Next: 66%
Magic:  0/4        EV: 12    Int: 15    God:
Gold:   0          SH:  0    Dex: 11    Spells: 4/5 levels left

rFire   . . .      SeeInvis .   g - +0 club
rCold   . . .      Faith    .   (no shield)
rNeg    . . .      Spirit   .   (body armour unavailable)
rPois   .          Reflect  .   (helmet restricted)
rElec   .          Harm     .   (no cloak)
rCorr   .          Rampage  .   (no gloves)
Will    .....      NoTele   +   (no boots)
Stlth   ++........              (no amulet)
HPRegen 0.05/turn               (no ring)
MPRegen 0.09/turn               (no ring)

@: no status effects
A: AC +4, unfitting armour, cold-blooded
a: no special abilities


You were in the Dungeon.
You visited 1 branch

Inventory:

Hand Weapons
 g - a +0 club (weapon)
Scrolls
 f - a scroll of blinking
Potions
 a - 3 potions of magic
 b - a potion of curing
 c - a potion of heal wounds
 d - a potion of haste
 e - a potion of berserk rage


   Skills:
 * Level 2.2 Fighting
 + Level 2.1 Dodging
 - Level 1.7 Stealth
 + Level 0.2 Unarmed Combat
 * Level 2.7 Spellcasting
 - Level 4.0 Ice Magic


You had 4 spell levels left.
You knew the following spells:

 Your Spells              Type           Power      Damage    Failure   Level
a - Freeze                Ice            56%        1d7       4%          1

Your spell library contained the following spells:

 Spells                   Type           Power      Damage    Failure   Level
 Frozen Ramparts          Ice            28%        1d5       12%         3
 Ozocubu's Armour         Ice            14%        N/A       12%         3
 Hailstorm                Conj/Ice       8%         3d4       65%         4


Dungeon Overview and Level Annotations

Branches:
Dungeon (1/1)

Altars:


Innate Abilities, Weirdness & Mutations

Your plain brown scales are hard. (AC +4)
You cannot fit into any form of body armour.
You are cold-blooded and may be slowed by cold attacks.


Message History

The black bear bites you. The black bear barely misses you.
The black bear claws you.
Aiming: Freeze (safe; 4% risk of failure)
Press: ? - help, Q - select action Shift-Dir - straight line, f/p - black bear
Aim: a black bear (lightly wounded)
You freeze the black bear.
The black bear is lightly wounded.
The black bear barely misses you.
The black bear claws you but does no damage. x2
Aiming: Freeze (safe; 4% risk of failure)
Press: ? - help, Q - select action Shift-Dir - straight line, f/p - black bear
Aim: a black bear (lightly wounded)
You freeze the black bear.
The black bear is moderately wounded.
The black bear bites you. The black bear barely misses you.
The black bear claws you.
* * * LOW HITPOINT WARNING * * *
You hit the black bear. You tail-slap the black bear.
The black bear is heavily wounded.
The black bear closely misses you. The black bear claws you.
* * * LOW HITPOINT WARNING * * *
The black bear misses you.
Aiming: Freeze (safe; 4% risk of failure)
Press: ? - help, Q - select action Shift-Dir - straight line, f/p - black bear
Aim: a black bear (heavily wounded)
You freeze the black bear.
The black bear is severely wounded.
The black bear goes berserk!
The black bear attacks as you move away!
The black bear barely misses you.
The black bear claws you but does no damage.
The black bear closely misses you.
The black bear bites you but does no damage.
The black bear closely misses you.
The black bear claws you but does no damage.
You closely miss the black bear. You tail-slap the black bear.
The black bear is severely wounded.
The black bear bites you!
Ouch! That really hurt!
You die...

▓.▓
▓.▓
▓.▓
▓w▓
▓S▓
▓l▓
▓5▓
▓h▓
▓@▓
▓.▓
▓.▓
▓)▓
▓.▓
▓.▓
▓.▓
▓<▓
▓▓▓


You could see a black bear (berserk), an iguana, an adder, a dart slug and an
ufetubus.

Vanquished Creatures
  An endoplasm (D)
  2 goblins (D)
  A ball python (D)
  A bat (D)
5 creatures vanquished.

Notes
Turn   | Place    | Note
-------+----------+-------------------------------------------
     0 | D        | lesbiats the Draconian Ice Elementalist began the quest for
                  | the Orb.
     0 | D        | Reached XP level 1. HP: 14/14 MP: 3/3
     8 | D        | Reached skill level 1 in Fighting
    55 | D        | Noticed an iguana
    55 | D        | Noticed a black bear
    64 | D        | Mangled by a black bear

Illustrated notes

Levels and vault maps discovered:
D:        linesprint [early_d, line_temple, items_1, d_10, items_2, lair_1,
          lair_end, items_3, orc_1, orc_end, items_4, d_15, swamp_1, shoals_1,
          snake_1, spider_1, d_20, vaults_1, items_5, swamp_end, shoals_end,
          snake_end, spider_end, vaults_end, d_27, items_6, zot_1, zot_end,
          crypt_end, forest_end, elf_end, slime_end, tomb_end, abyss_end,
          pan_hell_end]

Skill      XL: |  1 |
---------------+----+-----
Fighting       | 2 |  2.2
Dodging        | 2 |  2.1
Stealth        | |  1.7
Unarmed Combat | |  0.2
Spellcasting   | |  2.7
Ice Magic      | |  4.0

Action                   || total
-------------------------++-------
Melee: Unarmed           ||    10
       Tailslap          ||     3
       Club              ||     2
 Cast: Freeze            ||     7
Armor: Skin              ||    11
Dodge: Dodged            ||    12

Table legend: (Time is in decaauts)
 A = Elapsed time spent in this place.
 B = Non-inter-level travel time spent in this place.
 C = Inter-level travel time spent in this place.
 D = Time resting spent in this place.
 E = Time spent auto-exploring this place.
 F = Levels seen in this place.
 G = Mean time per level.
                   A        B        C        D        E       F      G
               +--------+--------+--------+--------+--------+-----+--------+
         Total |     63 |     63 |      0 |     30 |      0 |   1 |   63.0 |
       Dungeon |     63 |     63 |      0 |     30 |      0 |   1 |   63.0 |
               +--------+--------+--------+--------+--------+-----+--------+

Top non-repeatable levels by time:
       D: 63 daAuts
